 Dungeon Crawl Stone Soup version 0.31-a0-806-g0bc164a743 (webtiles) character file.

Game seed: 16879177597684980833

296 Gargoyl the Chopper (level 6, 0/58 HPs)
             Began as a Gargoyle Berserker on Sept 21, 2023.
             Was a Believer of Trog.
             Killed from afar by Blork the orc (9 damage)
             ... with a puff of frost
             ... on level 4 of the Dungeon.
             The game lasted 00:04:01 (2517 turns).

Gargoyl the Chopper (Gargoyle Berserker)            Turns: 2517, Time: 00:04:03

Health: 0/58       AC: 14    Str: 20    XL:     6   Next: 35%
Magic:  6/6        EV:  8    Int:  8    God:    Trog [**....]
Gold:   165        SH:  0    Dex: 11    Spells: 5/5 levels left

rFire   + . .        a - +0 hand axe
rCold   . . .        (no shield)
rNeg    + . .        c - +1 chain mail
rPois   ∞            (no helmet)
rElec   +            (no cloak)
rCorr   .            (no gloves)
SInv    .            (no boots)
Will    .....        (no amulet) Stlth
                     b - ring of protection from fire
HPRegen 0.29/turn    (no ring)
MPRegen 0.10/turn

%: no passive effects
@: berserking, very quick
A: sickness immunity, AC +4, negative energy resistance 1, electricity
resistance, torment resistance 1, petrification resistance
a: Renounce Religion, Berserk, Trog's Hand


You were on level 4 of the Dungeon.
You worshipped Trog.
Trog was pleased with you.
You visited 1 branch of the dungeon, and saw 4 of its levels.

You collected 165 gold pieces.

Inventory:

Hand Weapons
 a - a +0 hand axe (weapon)
Missiles
 h - 3 poisoned darts (quivered)
Armour
 c - a +1 chain mail (worn)
Jewellery
 b - a ring of protection from fire (left hand)
Scrolls
 e - a scroll of teleportation
 i - a scroll of enchant armour
Potions
 d - 2 potions of cancellation {unknown}
 f - a potion of degeneration {unknown}
 g - a potion of ambrosia {unknown}
 j - 2 potions of attraction {unknown}


   Skills:
 + Level 4.5 Fighting
 + Level 4.9 Axes
 + Level 3.4 Armour
 + Level 2.0 Dodging
 + Level 0.3 Stealth


You had 5 spell levels left.
You didn't know any spells.
Your spell library was empty.

Dungeon Overview and Level Annotations

Branches:
Dungeon (4/15)
 Temple: D:4-7

Altars:
Cheibriados
Fedhas
Nemelex Xobeh

Shops:
D:1 *   D:2 (

Annotations:
D:4 Blork the orc


Innate Abilities, Weirdness & Mutations

You are immune to sickness and miasma.
Your stone body is resilient. (AC +4)
You are immune to poison.
You resist negative energy. (rN+)
You are resistant to electric shocks. (rElec)
You are resistant to unholy torment.
You are immune to petrification.


Message History

Blork the orc is heavily wounded.
Blork the orc hits you with a +0 dire flail.
You barely miss Blork the orc.
You punch Blork the orc, but do no damage.
Blork the orc is heavily wounded.
Blork the orc hits you but does no damage. x2
You hit Blork the orc.
Blork the orc is heavily wounded.
Blork the orc hits you with a +0 dire flail.
You completely miss Blork the orc.
Blork the orc is heavily wounded.
Blork the orc closely misses you. Blork the orc barely misses you.
You slash Blork the orc!
Blork the orc is severely wounded.
Blork the orc hits you with a +0 dire flail.
A red film seems to cover your vision as you go berserk!
You feel yourself moving faster!
You feel mighty! Blork the orc closely misses you.
Blork the orc hits you with a +0 dire flail!
You hit Blork the orc.
Blork the orc is severely wounded.
Blork the orc hits you with a +0 dire flail.
You slash Blork the orc!
Blork the orc is almost dead.
Blork the orc closely misses you.
You barely miss Blork the orc.
Blork the orc is almost dead.
Blork the orc hits you with a +0 dire flail!
You barely miss Blork the orc.
Blork the orc is almost dead.
Blork the orc hits you with a +0 dire flail!
* * * LOW HITPOINT WARNING * * *
You barely miss Blork the orc.
Blork the orc is almost dead.
Blork the orc screams, "I'll drink your blood!
Soon!"
Blork the orc hits you with a +0 dire flail.
* * * LOW HITPOINT WARNING * * *
Blork the orc points at you and mumbles some strange words.
The puff of frost hits you!
You die...

#####################
................[...#
###################.#
#<# ######.# #.#
####....#.# #.#
........#.# #.#
#....#.# #.# #.o@.#.#
#.# #......# #.#
#....### ..# ######
### ## .. ..


You could see Blork the orc (fast).

Vanquished Creatures
  Grinder (D:3)
  An adder (D:4)
  A worm (D:4)
  3 dart slugs
  3 orcs
  5 endoplasms
  5 giant cockroaches
  4 goblins
  7 hobgoblins
  9 jackals
  9 kobolds
  5 quokkas
  7 ball pythons
  4 bats
  A frilled lizard (D:1)
  8 rats
73 creatures vanquished.

Notes
Turn   | Place    | Note
-------+----------+-------------------------------------------
     0 | D:1      | Gargoyl the Gargoyle Berserker began the quest for the Orb.
     0 | D:1      | Reached XP level 1. HP: 14/14 MP: 1/1
   107 | D:1      | Found a faded altar of an unknown god.
   117 | D:1      | Reached XP level 2. HP: 19/19 MP: 2/2
   351 | D:1      | Found Newing's General Store.
   445 | D:1      | Reached XP level 3. HP: 24/24 MP: 3/3
   595 | D:1      | Reached ** piety under Trog
   838 | D:2      | Found Poral's Antique Weapon Emporium.
  1083 | D:2      | Reached XP level 4. HP: 29/29 MP: 4/4
  1304 | D:2      | Found a blossoming altar of Fedhas.
  1677 | D:3      | Noticed Grinder
  1687 | D:3      | Killed Grinder
  1688 | D:3      | Reached XP level 5. HP: 34/34 MP: 5/5
  1688 | D:3      | Reached XP level 6. HP: 39/39 MP: 6/6
  2337 | D:4      | Found a snail-covered altar of Cheibriados.
  2356 | D:4      | Reached *** piety under Trog
  2432 | D:4      | Found a sparkling altar of Nemelex Xobeh.
  2498 | D:4      | Noticed Blork the orc
  2517 | D:4      | Killed from afar by Blork the orc

Illustrated notes

Levels and vault maps discovered:
D:1:      eino_arrival_water_star, layout_basic,
          hellmonk_ecumenical_altar_arch_garden, serial_shops,
          nicolae_shop_tiny_glass, serial_park_tiny_1
D:2:      layout_rooms, serial_shops, shop, basic_altar, minmay_misc_feat_doors,
          minmay_pentomino_pile
D:3:      layout_basic, uniq_grinder
D:4:      layout_basic, nicolae_overflow_hidden_temple, dk_noncrumbling_2,
          uniq_blork_the_orc

Skill      XL: |  1  2  3  4 |
---------------+-------------+-----
Axes           | 3 4 |  4.9
Fighting       | 4 |  4.5
Armour         | 3 |  3.4
Dodging        | 2 |  2.0
Stealth        | |  0.3

Action                     |  1- 3 |  4- 6 || total
---------------------------+-------+-------++-------
  Melee: Hand axe          |   144 |   110 ||   254
         Punch             |     2 |     4 ||     6
 Invoke: Berserk           |       |     2 ||     2
         Trog's Hand       |       |     1 ||     1
    Use: Scroll            |     4 |     1 ||     5
 Armour: Chain mail        |   109 |    86 ||   195
  Dodge: Dodged            |    77 |    47 ||   124

Table legend: (Time is in decaauts)
 A = Elapsed time spent in this place.
 B = Non-inter-level travel time spent in this place.
 C = Inter-level travel time spent in this place.
 D = Time resting spent in this place.
 E = Time spent auto-exploring this place.
 F = Levels seen in this place.
 G = Mean time per level.
                   A        B        C        D        E       F      G
               +--------+--------+--------+--------+--------+-----+--------+
         Total |   2558 |   2502 |     56 |      9 |   1771 |   4 |  639.5 |
       Dungeon |   2558 |   2502 |     56 |      9 |   1771 |   4 |  639.5 |
               +--------+--------+--------+--------+--------+-----+--------+

Top non-repeatable levels by time:
     D:1: 846 daAuts
     D:3: 826 daAuts
     D:2: 693 daAuts
     D:4: 191 daAuts
